 Dungeon Crawl Stone Soup version 0.21.0-3-g78d12a8 (webtiles) character file.

51 MTVSty1e the Cudgeler (level 3, -5/23 HPs)
             Began as a Gargoyle Fighter on Jan 16, 2018.
             Slain by Sigmund
             ... wielding a +0 scythe
              (6 damage)
             ... on level 2 of the Dungeon.
             The game lasted 00:01:14 (895 turns).

MTVSty1e the Cudgeler (Gargoyle Fighter)             Turns: 895, Time: 00:01:15

Health: -5/23      AC: 12    Str: 25    XL:     3   Next: 81%
Magic:  3/3        EV:  5    Int:  8    God:
Gold:   41         SH:  9    Dex:  9    Spells: 2/2 levels left

rFire    . . .     SeeInvis .   a - +0 flail
rCold    . . .     Gourm    .   c - +0 shield
rNeg     + . .     Faith    .   k - +0 chain mail
rPois    ∞         Spirit   .   (no helmet)
rElec    +         Reflect  .   (no cloak)
rCorr    .         Harm     .   (no gloves)
MR       .....                  (no boots)
Stlth    ..........             (no amulet)
HPRegen  0.07/turn              (no ring)
MPRegen  0.08/turn              (no ring)

@: mighty
A: negative energy resistance 1, electricity resistance, unbreathing,
petrification resistance, rot immunity, AC +3
a: no special abilities


You were on level 2 of the Dungeon.
You were not hungry.

You visited 1 branch of the dungeon, and saw 2 of its levels.

You collected 41 gold pieces.

Inventory:

Hand Weapons
 a - a +0 flail (weapon)
Armour
 c - a +0 shield (worn)
 k - a +0 chain mail (worn)
Scrolls
 e - a scroll of teleportation {unknown}
 h - a scroll of amnesia {unknown}
 j - 2 scrolls of identify {unknown}
 l - a scroll of magic mapping {unknown}
Potions
 b - a potion of resistance {unknown}
 g - a potion of agility {unknown}
 i - a potion of haste {unknown}
 m - a potion of flight {unknown}
Comestibles
 f - a ration


   Skills:
 - Level 3.2 Fighting
 + Level 4.0 Maces & Flails
 - Level 3.2 Armour
 - Level 3.2 Shields


You had 2 spell levels left.
You didn't know any spells.

Dungeon Overview and Level Annotations

Branches:
Dungeon (2/15)

Altars:

Annotations:
D:2 Sigmund


Innate Abilities, Weirdness & Mutations

You are resistant to torment.
Your stone body is resilient. (AC +3)
You are immune to poison.
You resist negative energy. (rN+)
You are resistant to electric shocks. (rElec)
You can survive without breathing.
You are immune to petrification.
You are immune to rotting.


Message History

an adder corpse; a bat corpse You're too confused to move!
Something hits you. Something hits you but does no damage.
You feel less confused.
You feel very mighty all of a sudden. Something hits you.
You barely miss something.
You hear some strange, mumbled words.
A magic dart appears from out of thin air!
The magic dart hits you!
* * * LOW HITPOINT WARNING * * *
You miss something. Something hits you but does no damage.
You closely miss something.
You hear some strange, mumbled words.
A magic dart appears from out of thin air!
The magic dart hits you!
You hit something. Something hits you.
* * * LOW HITPOINT WARNING * * *
You sock something! Something hits you.
You die...

#.......# .......# #
......## ...
....$.#####
###.###.........#
.h....?....%....#
................#
..........$......
.....##.@.......#
........{.......# .#
................###.#
......#)†...........#
......#.(.)........#
..... #..(.......#
#.## ####(......# #
#..($?.#.#
#...†(#<..#


You could see a jackal (wandering).

Vanquished Creatures
  2 adders (D:2)
  3 dart slugs (D:1)
  5 bats
  A giant cockroach (D:1)
  3 goblins
  5 hobgoblins (D:1)
  A quokka (D:2)
  3 frilled lizards (D:1)
  5 kobolds (D:1)
  A rat (D:1)
29 creatures vanquished.

Notes
Turn   | Place    | Note
-------+----------+-------------------------------------------
     0 | D:1      | MTVSty1e the Gargoyle Fighter began the quest for the Orb.
     0 | D:1      | Reached XP level 1. HP: 14/14 MP: 1/1
   202 | D:1      | Reached XP level 2. HP: 19/19 MP: 2/2
   291 | D:1      | Reached skill level 3 in Maces & Flails
   466 | D:1      | Reached XP level 3. HP: 23/23 MP: 3/3
   876 | D:2      | Noticed Sigmund
   877 | D:2      | Reached skill level 4 in Maces & Flails
   894 | D:2      | HP: 1/23 [something (1)]
   895 | D:2      | Slain by Sigmund

Skill      XL: |  1  2  3 |
---------------+----------+-----
Maces & Flails | 3 4 |  4.0
Fighting       | |  3.2
Armour         | |  3.2
Shields        | |  3.2

Action                   || total
-------------------------++-------
Melee: Flail             ||   125
  Use: Potion            ||     1
Armor: Scale mail        ||     4
       Chain mail        ||   105
Dodge: Dodged            ||    36
Block: Shield            ||    80
